 Dungeon Crawl Stone Soup version 0.19-b1-3-g7dea586 (webtiles) character file.

779 tv1990 the Chopper (level 8, -2/58 HPs)
             Began as a Formicid Monk on Oct 28, 2016.
             Slain by an ogre
             ... wielding a +0 giant club
              (19 damage)
             ... on level 5 of the Dungeon.
             The game lasted 00:12:02 (4316 turns).

tv1990 the Chopper (Formicid Monk)                  Turns: 4316, Time: 00:12:03

Health: -2/58      AC: 13    Str: 16      XL:     8   Next: 10%
Magic:  8/8        EV:  5    Int: 12 (13) God:
Gold:   266        SH:  6    Dex: 15      Spells: 0 memorised, 7 levels left

rFire  . . .     SeeInvis +     a - +0 hand axe
rCold  . . .     Gourm    .     e - +0 plate armour
rNeg   . . .     Faith    .     k - +0 buckler
rPois  .         Spirit   .     (helmet unavailable)
rElec  .         Reflect  .     t - +0 cloak
rCorr  .         Harm     .     (no gloves)
MR     +....                    j - +1 pair of boots
Stlth  ..........               (no amulet)
                                p - ring of protection from magic
                                x - +3 ring of intelligence

@: no status effects
A: permanent stasis, dig shafts and tunnels, four strong arms, antennae 3,
deterioration 1
a: Dig, Shaft Self


You were on level 5 of the Dungeon.
You were not hungry.

You visited 1 branch of the dungeon, and saw 5 of its levels.

You collected 266 gold pieces.

Inventory:

Hand Weapons
 a - a +0 hand axe (weapon)
Armour
 b - a +0 robe
 e - a +0 plate armour (worn)
 j - a +1 pair of boots (worn)
 k - a +0 buckler (worn)
 t - a +0 cloak (worn)
 u - a +0 shield
Jewellery
 g - an uncursed ring of flight
 p - a ring of protection from magic (right hand)
 x - a +3 ring of intelligence (left hand)
Wands
 o - a wand of digging (4/24)
Scrolls
 h - 3 scrolls of remove curse
 i - 5 scrolls of enchant armour
 n - a scroll of fog
 s - a scroll of magic mapping
 w - a scroll of immolation
Potions
 d - 3 potions of brilliance
 f - a potion of curing
 l - 4 potions of heal wounds {unknown}
 q - a potion of ambrosia
 v - 2 potions of lignification {unknown}
 A - a potion of flight
 B - 2 potions of cancellation {unknown}
Comestibles
 c - a bread ration
 m - a slice of pizza
 r - 3 meat rations
 z - 3 chunks of flesh


   Skills:
 - Level 3.2 Fighting
 + Level 7.0 Axes
 - Level 2.6 Dodging
 - Level 2.4 Stealth
 + Level 6.5 Shields


You had 7 spell levels left.
You didn't know any spells.

Dungeon Overview and Level Annotations

Branches:
Dungeon (5/15)
 Temple: D:4-7

Altars:
Hepliaklqana
Nemelex Xobeh
Sif Muna
Trog


Innate Abilities, Weirdness & Mutations

You are under a permanent stasis effect.
You can dig through walls and to a lower floor.
Your four strong arms can wield two-handed weapons with a shield.
You have a pair of large antennae on your head. (SInv)
Your body sometimes deteriorates upon taking damage.


Message History

The ogre is heavily wounded.
You barely miss the ogre.
The ogre is heavily wounded.
The ogre hits you with a giant club!
* * * LOW HITPOINT WARNING * * *
Your plate armour prevents you from hitting the ogre.
The ogre is heavily wounded.
The ogre hits you with a giant club.
* * * LOW HITPOINT WARNING * * *
Your body deteriorates!
You feel dopey.
You completely miss the ogre.
The ogre is heavily wounded.
The ogre hits you with a giant club!
* * * LOW HITPOINT WARNING * * *
Okay, then.
It was a potion of curing.
You feel better.
Your plate armour prevents you from hitting the ogre.
The ogre is heavily wounded.
The ogre hits you with a giant club!!
You die...

......................#.........#
...#######.############.........#
#.## #.# #.........# ### #.#
############# #.# #....####....
###.##########.#..#.###.## {
.............>.#.##_.≈#.#
##.#.#.######÷###8...'.#
#..@O.##.# ##_.≈### #.###.##.#
#.### #.# ##.###### #...#
#.##...# #⌠.⌠#. #.##...#
.._...##'##...# #⌠.⌠..........#
#.............# ............##


You could see an ogre.

Vanquished Creatures
  2 sky beasts
  2 ogres
  A scorpion (D:4)
  A howler monkey (D:5)
  Crazy Yiuf (D:3)
  A bullfrog skeleton (D:5)
  A centaur skeleton (D:4)
  Jessica (D:2)
  An iguana (D:4)
  An orc wizard (D:3)
  A hound skeleton (D:4)
  7 adders
  A shadow imp (D:5)
  2 oozes (D:1)
  An adder zombie (D:5)
  5 dart slugs
  5 leopard geckos
  5 orcs
  3 bats
  2 giant cockroaches (D:2)
  5 goblins
  5 hobgoblins
  8 jackals
  2 kobolds
  3 quokkas
  4 frilled lizards
  A leopard gecko skeleton (D:5)
  A quokka skeleton (D:5)
  5 rats
  2 fungi (D:3)
80 creatures vanquished.

Notes
Turn   | Place    | Note
-------+----------+-------------------------------------------
     0 | D:1      | tv1990 the Formicid Monk began the quest for the Orb.
     0 | D:1      | Reached XP level 1. HP: 18/18 MP: 1/1
   224 | D:1      | Reached XP level 2. HP: 19/24 MP: 2/2
   369 | D:1      | Reached skill level 4 in Axes
   369 | D:1      | Reached XP level 3. HP: 22/29 MP: 3/3
  1307 | D:2      | Noticed Jessica
  1317 | D:2      | Killed Jessica
  1317 | D:2      | Reached skill level 1 in Shields
  1317 | D:2      | Reached XP level 4. HP: 33/35 MP: 4/4
  1488 | D:2      | Reached XP level 5. HP: 11/41 MP: 5/5
  2317 | D:3      | Reached skill level 5 in Axes
  2577 | D:3      | Noticed a sky beast
  2597 | D:3      | Killed a sky beast
  2597 | D:3      | Reached XP level 6. HP: 30/47 MP: 6/6
  2785 | D:3      | Found a runed door.
  2789 | D:3      | Noticed Crazy Yiuf
  2800 | D:3      | Killed Crazy Yiuf
  3107 | D:4      | Noticed an ogre
  3121 | D:4      | Killed an ogre
  3121 | D:4      | Reached XP level 7. HP: 52/52 MP: 7/7
  3210 | D:4      | Reached skill level 5 in Shields
  3291 | D:4      | Reached skill level 6 in Axes
  3666 | D:4      | You fall through a shaft!
  3666 | D:5      | Entered Level 5 of the Dungeon
  3666 | D:5      | Found a hazy altar of Hepliaklqana.
  3666 | D:5      | Found a bloodstained altar of Trog.
  4006 | D:5      | Gained mutation: Your body sometimes deteriorates upon taking damage. [mutagenic meat]
  4171 | D:5      | Reached XP level 8. HP: 58/58 MP: 8/8
  4237 | D:5      | Found a deep blue altar of Sif Muna.
  4240 | D:5      | Found a sparkling altar of Nemelex Xobeh.
  4255 | D:5      | Reached skill level 7 in Axes
  4316 | D:5      | Slain by an ogre

Skill      XL: |  1  2  3  4  5  6  7  8 |
---------------+-------------------------+-----
Axes           | 4 5 6 7 |  7.0
Shields        | 1 2 4 6 |  6.5
Fighting       | |  3.2
Dodging        | |  2.6
Stealth        | |  2.4

Action                   |  1- 3 |  4- 6 |  7- 9 || total
-------------------------+-------+-------+-------++-------
Melee: Hand axe          |    84 |   197 |   215 ||   496
 Abil: Dig               |     1 |     1 |     2 ||     4
       Shaft Self        |       |       |     1 ||     1
  Use: Potion            |       |     2 |     2 ||     4
       Scroll            |       |     8 |     5 ||    13
  Eat: Chunk             |     1 |     6 |     4 ||    11
       Royal jelly       |       |       |     1 ||     1
Armor: Plate armour      |    49 |   114 |   108 ||   271
Dodge: Dodged            |    18 |    48 |    39 ||   105
Block: Buckler           |     7 |    28 |    55 ||    90

Table legend:
 A = Turns spent in this place as a percentage of turns spent in the entire game.
 B = Non-inter-level travel turns spent in this place as a percentage of non-inter-level travel turns spent in the entire game.
 C = Inter-level travel turns spent in this place as a percentage of turns spent in this place.
 D = Turns resting spent in this place as a percentage of non-inter-level travel turns spent in this place.
 E = Turns spent auto-exploring this place as a percentage of non-inter-level travel turns spent in this place.
 F = Non-inter-level travel turns spent in this place divided by the number of levels of this place that you've seen.
                   A       B       C       D       E      F
               +-------+-------+-------+-------+-------+----------------------
         Total | 100.0 | 100.0 |   0.4 |   2.4 |  15.0 | 225.0
       Dungeon | 100.0 | 100.0 |   0.4 |   2.4 |  15.0 | 225.0
               +-------+-------+-------+-------+-------+----------------------

Table legend:
 A = Kills in this place as a percentage of kills in entire the game.
 B = Kills by you in this place as a percentage of kills by you in the entire game.
 C = Kills by friends in this place as a percentage of kills by friends in the entire game.
 D = Other kills in this place as a percentage of other kills in the entire game.
 E = Experience gained in this place as a percentage of experience gained in the entire game.
 F = Experience gained in this place divided by the number of levels of this place that you have seen.
                   A       B       C       D       E      F
               +-------+-------+-------+-------+-------+----------------------
         Total | 100.0 | 100.0 |  -nan |  -nan | 100.0 | 222.8
       Dungeon | 100.0 | 100.0 |  -nan |  -nan | 100.0 | 222.8
               +-------+-------+-------+-------+-------+----------------------

Vault maps used:
D:1:      dpeg_chamrin_arrival_tetris, st_stairs_11
D:2:      uniq_jessica
D:3:      uniq_crazy_yiuf_cottage
D:4:      okawaru_metal_pillars_1_2, serial_shops, kennysheep_mini
D:5:      gammafunk_temple_overflow_statue, led_sif_book, first_bread,
          minmay_misc_feat_diagonals, grunt_ministairs_4,
          nemelex_xobeh_ov_fountains_minmay
